 Dungeon Crawl Stone Soup version 0.30-a0-634-g8abc85282e (webtiles) character file.

Game seed: 7759792179880890718

82 Leeroy the Slasher (level 4, -3/26 HPs)
             Began as a Tengu Warper on Jan 14, 2023.
             Slain by an iguana (10 damage)
             ... on level 3 of the Dungeon.
             The game lasted 00:02:20 (1505 turns).

Leeroy the Slasher (Tengu Warper)                   Turns: 1505, Time: 00:02:20

Health: -3/26      AC:  3    Str: 11    XL:     4   Next: 43%
Magic:  8/8        EV: 11    Int: 14    God:
Gold:   128        SH:  3    Dex: 15    Spells: 2/7 levels left

rFire   . . .      SeeInvis .    l - +0 scimitar
rCold   . . .      Faith    .    f - +0 buckler
rNeg    . . .      Spirit   .    b - +0 leather armour
rPois   .          Reflect  .    (helmet restricted)
rElec   .          Harm     .    (no cloak)
rCorr   .          Rampage  .    (no gloves)
Will    .....                    (boots unavailable)
Stlth   +                        (no amulet)
HPRegen 0.24/turn                (no ring)
MPRegen 0.11/turn                (no ring)

@: no status effects
A: beak, talons 3
a: no special abilities


You were on level 3 of the Dungeon.
You visited 1 branch of the dungeon, and saw 3 of its levels.

You collected 128 gold pieces.

Inventory:

Hand Weapons
 a - a +0 falchion
 l - a +0 scimitar (weapon)
Missiles
 d - 7 boomerangs of dispersal
 j - 3 poisoned darts (quivered)
Armour
 b - a +0 leather armour (worn)
 f - a +0 buckler (worn)
Scrolls
 c - a scroll of blinking
 h - a scroll of torment {unknown}
 i - 4 scrolls of identify {unknown}
 k - a scroll of immolation {unknown}
Potions
 e - a potion of degeneration {unknown}
 g - a potion of curing {unknown}


   Skills:
 - Level 2.0 Fighting
 + Level 5.0 Long Blades
 - Level 1.0 Throwing
 - Level 1.1 Armour
 - Level 2.1 Dodging
 - Level 2.0 Spellcasting
 - Level 2.4 Translocations


You had 2 spell levels left.
You knew the following spells:

 Your Spells              Type           Power      Damage    Failure   Level
a - Blink                 Tloc           16%        N/A       24%         2
b - Vhi's Electric Charg  Tloc/Air       8%         N/A       61%         3

Your spell library contained the following spells:

 Spells                   Type           Power      Damage    Failure   Level
 Sting                    Tmut/Pois      4%         1d3       38%         1
 Poisonous Vapours        Pois/Air       2%         N/A       54%         2
 Lesser Beckoning         Tloc           16%        N/A       43%         3
 Teleport Other           Tloc           8%         N/A       43%         3
 Manifold Assault         Tloc           8%         N/A       85%         4
 Olgreb's Toxic Radiance  Pois           1%         N/A       99%         4


Dungeon Overview and Level Annotations

Branches:
Dungeon (3/15)

Altars:


Innate Abilities, Weirdness & Mutations

You have a beak for a mouth.
You have claws for feet.


Message History

You hit the adder. Your kick misses the adder.
The adder is moderately wounded.
The adder barely misses you.
A goblin comes into view. It is wielding a +0 club.
The adder bites you.
You are poisoned.
The adder poisons you!
You completely miss the adder. You peck the adder.
The adder is heavily wounded.
You feel sick. You block the adder's attack.
You slash the adder!
You kill the adder!
You feel sick.
Your Long Blades skill increases to level 5!
You hit the goblin but do no damage. Your kick misses the goblin.
Your peck misses the goblin.
You feel sick. You block the goblin's attack.
You hit the goblin.
You kill the goblin!
You feel sick.
You feel sick.
You feel sick.
You are no longer poisoned.
An iguana comes into view.
An iguana is nearby!
The iguana hisses angrily.
You slash the iguana! You claw the iguana.
You peck the iguana, but do no damage.
The iguana is almost dead.
You block the iguana's attack.
You barely miss the iguana. Your peck misses the iguana.
The iguana is almost dead.
The iguana barely misses you.
You hit the iguana but do no damage. Your peck misses the iguana.
The iguana is almost dead.
The iguana bites you!
* * * LOW HITPOINT WARNING * * *
You hit the iguana. Your kick misses the iguana.
The iguana is almost dead.
The iguana closely misses you. The iguana bites you!
You die...

##.#.##
##.#.##
##.#.##
##.#.#
##.#.##
##.#.##
##.#.##
#l#.##
#.#@##
.#)##
#.# #.#
#.# ##


You could see an iguana.

Vanquished Creatures
  4 adders
  2 worms (D:2)
  A dart slug (D:2)
  4 ball pythons
  A bat (D:1)
  5 endoplasms
  2 giant cockroaches (D:1)
  3 goblins
  3 hobgoblins
  4 kobolds (D:1)
  A quokka (D:1)
  2 frilled lizards (D:1)
  3 rats (D:1)
35 creatures vanquished.

Notes
Turn   | Place    | Note
-------+----------+-------------------------------------------
     0 | D:1      | Leeroy the Tengu Warper began the quest for the Orb.
     0 | D:1      | Reached XP level 1. HP: 12/12 MP: 4/4
   312 | D:1      | Reached skill level 3 in Long Blades
   312 | D:1      | Reached XP level 2. HP: 16/17 MP: 6/6
   381 | D:1      | Learned a level 2 spell: Blink
   617 | D:2      | Reached XP level 3. HP: 20/21 MP: 7/7
   757 | D:2      | Reached skill level 4 in Long Blades
  1298 | D:2      | Reached XP level 4. HP: 19/26 MP: 8/8
  1309 | D:2      | Learned a level 3 spell: Vhi's Electric Charge
  1488 | D:3      | Reached skill level 5 in Long Blades
  1505 | D:3      | Slain by an iguana

Illustrated notes

Levels and vault maps discovered:
D:1:      scummos_arrival_hexagon, layout_loops_ring, basic_ecumenical_altar
D:2:      layout_loops_ring
D:3:      minmay_inner_zag, layout_basic, minitemple, serial_shops, shop

Skill      XL: |  1  2  3  4 |
---------------+-------------+-----
Long Blades    | 3 4 5 |  5.0
Fighting       | |  2.0
Throwing       | |  1.0
Armour         | |  1.1
Dodging        | |  2.1
Spellcasting   | |  2.0
Translocations | |  2.4

Action                   |  1- 3 |  4- 6 || total
-------------------------+-------+-------++-------
Melee: Falchion          |    81 |     3 ||    84
       Kick              |    22 |     2 ||    24
       Peck              |    12 |     2 ||    14
       Scimitar          |       |    11 ||    11
Throw: Dart              |     6 |       ||     6
 Stab: Sleeping          |     2 |     1 ||     3
Armor: Leather armour    |    18 |     1 ||    19
Dodge: Dodged            |    36 |     4 ||    40
Block: Buckler           |     9 |     4 ||    13

Table legend: (Time is in decaauts)
 A = Elapsed time spent in this place.
 B = Non-inter-level travel time spent in this place.
 C = Inter-level travel time spent in this place.
 D = Time resting spent in this place.
 E = Time spent auto-exploring this place.
 F = Levels seen in this place.
 G = Mean time per level.
                   A        B        C        D        E       F      G
               +--------+--------+--------+--------+--------+-----+--------+
         Total |   1518 |   1440 |     78 |      0 |   1156 |   3 |  506.0 |
       Dungeon |   1518 |   1440 |     78 |      0 |   1156 |   3 |  506.0 |
               +--------+--------+--------+--------+--------+-----+--------+

Top non-repeatable levels by time:
     D:2: 854 daAuts
     D:1: 613 daAuts
     D:3: 50 daAuts
